 Dungeon Crawl Stone Soup version 0.28.0-53-g5a82cb258f (webtiles) character file.

Game seed: 8423945740243098988

5 Stomo the Skirmisher (level 1, -1/19 HPs)
             Began as a Draconian Monk on July 15, 2022.
             Slain by a gnoll
             ... wielding a +0 spear
              (7 damage)
             ... on level 1 of the Dungeon.
             The game lasted 00:00:17 (264 turns).

Stomo the Skirmisher (Draconian Monk)                Turns: 264, Time: 00:00:17

Health: -1/19      AC:  4    Str: 13    XL:     1   Next: 66%
Magic:  1/1        EV: 12    Int: 10    God:
Gold:   0          SH:  0    Dex: 13    Spells: 0/0 levels left

rFire   . . .      SeeInvis .   a - +0 mace
rCold   . . .      Faith    .   (no shield)
rNeg    . . .      Spirit   .   (armour unavailable)
rPois   .          Reflect  .   (helmet restricted)
rElec   .          Harm     .   (no cloak)
rCorr   .          Rampage  .   (no gloves)
Will    .....                   (no boots)
Stlth   ++........              (no amulet)
HPRegen 0.06/turn               (no ring)
MPRegen 0.07/turn               (no ring)

@: no status effects
A: AC +4, unfitting armour, cold-blooded
a: no special abilities


You were on level 1 of the Dungeon.
You visited 1 branch of the dungeon, and saw 1 of its levels.

Inventory:

Hand Weapons
 a - a +0 mace (weapon)
Scrolls
 d - a scroll of amnesia {unknown}
 e - a scroll of teleportation {unknown}
 f - a scroll of identify {unknown}
Potions
 b - a potion of magic


   Skills:
 + Level 3.4 Fighting
 + Level 3.1 Maces & Flails
 + Level 2.7 Dodging
 + Level 2.0 Stealth


You couldn't memorise any spells.
You didn't know any spells.
Your spell library was empty.

Dungeon Overview and Level Annotations

Branches:
Dungeon (1/15)

Altars:


Innate Abilities, Weirdness & Mutations

Your plain brown scales are hard. (AC +4)
You cannot fit into any form of body armour.
You are cold-blooded and may be slowed by cold attacks.


Message History

The bat is moderately wounded.
The bat closely misses you. The gnoll hits you with a +0 spear.
You are too injured to fight recklessly!
You are too injured to fight recklessly!
You are too injured to fight recklessly!
You are too injured to fight recklessly!
You are too injured to fight recklessly!
You are too injured to fight recklessly!
You are too injured to fight recklessly!
Unknown command.
The bat hits you but does no damage. The gnoll closely misses you.
The bat closely misses you.
A giant cockroach comes into view.
A rat comes into view.
It was a potion of magic.
Magic courses through your body.
The giant cockroach bites you but does no damage.
The rat twitches its whiskers.
As you read the scroll labelled KIMI TAULLOCS, it crumbles to dust.
You hear a loud clanging noise!
It was a scroll of noise.
You hear a shout!
The giant cockroach misses you.
Unknown command.
You barely miss the giant cockroach. The giant cockroach misses you.
The giant cockroach closely misses you.
You hit the giant cockroach.
You kill the giant cockroach!
You hit the rat.
You kill the rat!
The gnoll misses you.
Your Stealth skill increases to level 2!
The gnoll hits you with a +0 spear.
Things that are here:
a rat corpse; a giant cockroach corpse You barely miss the gnoll.
The gnoll closely misses you.
You hit the gnoll.
The gnoll is lightly wounded.
A giant cockroach comes into view.
The gnoll hits you with a +0 spear!
You die...

#...## #.# #..##############
#....###.# ##.....##........
###...##.#
####...............
##...#.####....###..#........
##.........#### ##.#....)...
#.##........## #.#########
#####....######..# #.#
........B.#######.####.##
......##.......@g.).##..####
#.###############.#.###....#
. .#.#.#.#.#.#.#.....g..#..#
..............##..###>.#....
.........#......#..# #..##.#
.......#.......##..# #.# #
.....#....#.....#..# ...
...#...........##... #.##
.#...#.#.#.#....#.#.. .#


You could see a gnoll and a giant cockroach (wandering).

Vanquished Creatures
  A giant cockroach (D:1)
  2 hobgoblins (D:1)
  A frilled lizard (D:1)
  A rat (D:1)
5 creatures vanquished.

Notes
Turn   | Place    | Note
-------+----------+-------------------------------------------
     0 | D:1      | Stomo the Draconian Monk began the quest for the Orb.
     0 | D:1      | Reached XP level 1. HP: 19/19 MP: 1/1
   264 | D:1      | Slain by a gnoll

Illustrated notes

Levels and vault maps discovered:
D:1:      co_arrival_square_in_a_square_in_a_square, layout_rooms, serial_shops,
          shop_statue

Skill      XL: |  1 |
---------------+----+-----
Stealth        | 2 |  2.0
Fighting       | |  3.4
Maces & Flails | |  3.1
Dodging        | |  2.7

Action                   || total
-------------------------++-------
Melee: Mace              ||    24
       Tailslap          ||     2
  Use: Scroll            ||     1
       Potion            ||     1
 Stab: Sleeping          ||     1
Armor: Skin              ||     7
Dodge: Dodged            ||    22
